[Event "4NCL 2023-2024"]
[Site "Daventry"]
[Date "2024.05.05"]
[Round "10.46"]
[White "Manley, Jon P"]
[Black "McKay, Roderick M"]
[Result "1-0"]
[ECO "C00"]
[WhiteElo "2165"]
[BlackElo "2181"]
[Annotator "RC"]
[PlyCount "61"]
[EventDate "2023.11.11"]
[EventType "team-tourn"]
[EventCountry "ENG"]
[SourceTitle "playchess.com"]
[Source "ChessBase"]
[SourceQuality "1"]
[TimeControl "40/6000+30:3000+30"]

1. e4 c5 2. Nf3 e6 3. d3 d5 4. Qe2 Ne7 5. g3 g6 6. Bg2 Bg7 7. O-O Nbc6 8. Re1 h6 9. h4 a6 10. e5 b6 11. c3 Bb7 12. Na3 Qc7 13. Nc2 O-O-O 14. Rb1 b5 15. b3 Nb8 16. a4 Nd7 17. axb5 axb5 18. Bf4 Bc6 19. c4 Nb6 20. cxb5 Bxb5 21. Rec1 Ba6 22. Na3 Kb8 23. b4 c4 24. b5 Bb7 25. dxc4 dxc4 26. Nxc4 Nxc4 27. Rxc4 Qd7 28. Nd4 Qxd4 29. Rxd4 Rxd4 30. Bxb7 Kxb7 31. Qf3+ 1-0

[Event "4NCL 2023-2024"]
[Site "Daventry"]
[Date "2024.05.05"]
[Round "10.47"]
[White "Vijayakumar, Rishi"]
[Black "Pozimski, Szymon"]
[Result "1-0"]
[ECO "D45"]
[WhiteElo "2197"]
[BlackElo "2018"]
[Annotator "RC"]
[PlyCount "53"]
[EventDate "2023.11.11"]
[EventType "team-tourn"]
[EventCountry "ENG"]
[SourceTitle "playchess.com"]
[Source "ChessBase"]
[SourceQuality "1"]
[TimeControl "40/6000+30:3000+30"]

1. d4 d5 2. c4 e6 3. Nc3 c6 4. e3 Nf6 5. Nf3 Nbd7 6. Qc2 Bd6 7. g4 Qe7 8. g5 Nh5 9. Be2 g6 10. e4 dxe4 11. Nxe4 Bb4+ 12. Bd2 f5 13. gxf6 Nhxf6 14. Neg5 e5 15. O-O-O Bxd2+ 16. Nxd2 exd4 17. Rde1 O-O 18. Bg4 Qd6 19. Be6+ Kg7 20. Rhg1 Ne5 21. f4 Nf7 22. c5 Qxf4 23. Nxh7 d3 24. Qxd3 Ne5 25. Rxe5 Qxe5 26. Qxg6+ Kh8 27. Qg7# 1-0

[Event "4NCL 2023-2024"]
[Site "Daventry"]
[Date "2024.05.05"]
[Round "10.48"]
[White "Hariharan, Shambavi"]
[Black "Cooke, Suzie G."]
[Result "1/2-1/2"]
[ECO "D34"]
[WhiteElo "1887"]
[BlackElo "1955"]
[Annotator "NA RC"]
[PlyCount "97"]
[EventDate "2023.11.11"]
[EventType "team-tourn"]
[EventCountry "ENG"]
[SourceTitle "playchess.com"]
[Source "ChessBase"]
[SourceQuality "1"]
[TimeControl "40/6000+30:3000+30"]

1. d4 d5 2. Nf3 e6 3. c4 c5 4. cxd5 exd5 5. Nc3 Nf6 6. g3 Nc6 7. Bg2 Be7 8. O-O O-O 9. dxc5 Bxc5 10. Bg5 d4 11. Bxf6 Qxf6 12. Ne4 Qe7 13. Nxc5 Qxc5 14. Qd2 Bg4 15. Rac1 Qb6 16. b3 Rad8 17. Qf4 Bxf3 18. Bxf3 Rfe8 19. Rfd1 Re6 20. Bxc6 bxc6 21. Qf3 h6 22. Qd3 Rde8 23. Qxd4 Rxe2 24. Qxb6 axb6 25. Rxc6 Rxa2 26. Rxb6 Ree2 27. Rf1 Reb2 28. b4 Ra4 29. Rb8+ Kh7 30. Rb7 Kg6 31. Rc1 Raxb4 32. Rc6+ f6 33. Rd7 Rb7 34. Rxb7 Rxb7 35. Kg2 Rb2 36. h3 h5 37. g4 hxg4 38. hxg4 Kg5 39. Kg3 Rb3+ 40. f3 f5 41. Rc5 g6 42. Ra5 Rc3 43. gxf5 gxf5 44. Rb5 Ra3 45. Rc5 Rb3 46. Ra5 Rc3 47. Rb5 Ra3 48. Rc5 Rb3 49. Ra5 1/2-1/2

[Event "4NCL 2023-2024"]
[Site "Daventry"]
[Date "2024.05.06"]
[Round "11.1"]
[White "Shirov, Alexei"]
[Black "Jones, Gawain C B"]
[Result "0-1"]
[ECO "C79"]
[WhiteElo "2668"]
[BlackElo "2620"]
[Annotator "TA"]
[PlyCount "74"]
[EventDate "2023.11.11"]
[EventType "team-tourn"]
[EventCountry "ENG"]
[SourceTitle "playchess.com"]
[Source "ChessBase"]
[SourceQuality "1"]
[TimeControl "40/6000+30:3000+30"]

1. e4 e5 2. Nf3 Nc6 3. Bb5 a6 4. Ba4 Nf6 5. O-O d6 6. Bxc6+ bxc6 7. d4 exd4 8. Nxd4 c5 9. Nc6 Qd7 10. Na5 Qa4 11. Bd2 {[%emt 0:03:06] White is slightly better.} Be7 12. Re1 Bg4 13. f3 Be6 14. c4 Qxd1 15. Rxd1 Nd7 16. Bc3 O-O 17. Nd2 Bg5 18. Nf1 Rae8 19. Re1 f5 20. Ng3 fxe4 21. Nxe4 Bf4 22. g3 {[%emt 0:06:58] [#]} Ne5 $1 23. Kg2 (23. gxf4 Nxf3+ (23... Nxc4 $2 {loses.} 24. Nxc4 Bxc4 25. Kf2 $18) 24. Kg2 Nxe1+ 25. Rxe1 Rxf4 $17) 23... Nxf3 $1 24. Kxf3 Bd2+ {[%emt 0:00:08] This pair of bishops is nice.} 25. Kg2 Bxe1 26. Rxe1 Bg4 $36 {[%emt 0:02:15][%mdl 2048] ...Bf3+ would now be deadly. Black is more active.} 27. Nf2 Bf3+ 28. Kf1 Rxe1+ 29. Bxe1 Re8 30. Bd2 h6 31. h4 Kf7 32. Nh3 $2 {[%emt 0:01:29][%mdl 8192] [#]} (32. Bc3 $11 {and White has nothing to worry.}) 32... Bg2+ $1 $19 33. Kxg2 (33. Kf2 Bxh3) 33... Re2+ 34. Kf3 Rxd2 35. Nf4 Rxb2 36. Nc6 Ke8 {[%emt 0:03:41] Prevents Nd8} 37. Ng6 Rxa2 {[%emt 0:01:15] Weighted Error Value: White=0.35/Black=0.01 (flawless) .  Loses game:     	White=1     	---        Inaccurate:     	White=1     	---        OK:         	White=11    	Black=20     Best:        	White=1     	Black=1      Strong:       	---       	Black=1      Brilliant:      	---       	Black=1} 0-1

[Event "4NCL 2023-2024"]
[Site "Daventry"]
[Date "2024.05.06"]
[Round "11.2"]
[White "Alsina Leal, Daniel"]
[Black "Svane, Frederik"]
[Result "1/2-1/2"]
[ECO "D02"]
[WhiteElo "2510"]
[BlackElo "2637"]
[Annotator "TA"]
[PlyCount "48"]
[EventDate "2023.11.11"]
[EventType "team-tourn"]
[EventCountry "ENG"]
[SourceTitle "playchess.com"]
[Source "ChessBase"]
[SourceQuality "1"]
[TimeControl "40/6000+30:3000+30"]

1. Nf3 Nf6 2. c4 e6 3. g3 d5 4. Bg2 Bd6 5. d4 O-O 6. O-O h6 7. c5 Be7 8. b4 b6 9. Bb2 a5 10. a3 bxc5 11. bxc5 Nc6 12. Nbd2 Ne4 13. Nxe4 dxe4 14. Ne1 (14. Ne5 $11 Nxe5 15. dxe5) 14... f5 $15 15. f3 Rb8 16. Bc3 {[%emt 0:01:55] [#]} e5 $1 17. fxe4 exd4 (17... Nxd4 {simplifies} 18. Bxd4 Qxd4+ 19. Qxd4 exd4 20. Nd3 fxe4 21. Bxe4 Be6) 18. Bd2 {[%emt 0:01:08] The position is equal.} fxe4 {[%emt 0:16:23] Threatens to win with ...Rxf1+.} (18... Bxc5 $6 19. Qc2 Qd6 20. Rc1 (20. exf5 $2 d3+ $19) (20. Nd3 Bb6 $16) 20... Bxa3 21. Qxc6 Bxc1 22. Qxc1 $16) 19. Rxf8+ Qxf8 20. Bxe4 Ne5 21. Nd3 (21. Bxa5 Bxc5 22. Nd3 Qe7 $15) 21... Nxd3 22. exd3 {[%emt 0:00:16] [#] Strongly threatening Qh5.} Bf5 $1 {[%emt 0:04:03] ...Bxe4 is the strong threat.} 23. Qf3 (23. Bxa5 $2 {too greedy.} Bxe4 (23... Bxc5 24. Bxc7 Re8 25. Bg2 $14) 24. dxe4 Rb2 $19 (24... Bxc5 25. Qd3 $17)) 23... Bxe4 24. Qxe4 Bxc5 {[%emt 0:00:16] Weighted Error Value: White=0.07 (flawless) /Black=0.03 (flawless) .  Mistake:       	White=1     	---        Inaccurate:     	White=1     	---        OK:         	White=10    	Black=11     Best:        	White=1     	Black=1      Strong:       	---       	Black=1} 1/2-1/2

[Event "4NCL 2023-2024"]
[Site "Daventry"]
[Date "2024.05.06"]
[Round "11.3"]
[White "Svane, Rasmus"]
[Black "Rowson, Jonathan"]
[Result "1-0"]
[ECO "E16"]
[WhiteElo "2635"]
[BlackElo "2527"]
[Annotator "TA"]
[PlyCount "53"]
[EventDate "2023.11.11"]
[EventType "team-tourn"]
[EventCountry "ENG"]
[SourceTitle "playchess.com"]
[Source "ChessBase"]
[SourceQuality "1"]
[TimeControl "40/6000+30:3000+30"]

1. d4 Nf6 2. c4 e6 3. Nf3 b6 4. g3 Bb7 5. Bg2 Bb4+ 6. Bd2 a5 7. O-O O-O 8. a3 Bxd2 9. Qxd2 d6 10. Qd3 a4 11. Nc3 Ra5 12. Qc2 {[%emt 0:09:08] White is slightly better.} Qe8 13. Rfd1 Na6 14. Rac1 h6 15. h3 Ba8 16. e4 e5 17. Re1 Nh7 18. h4 {[%emt 0:02:35] Repels Ng5} Bb7 19. Nd5 Bc8 {[%emt 0:11:25] [#]} 20. c5 $1 bxc5 21. dxe5 dxe5 22. Bf1 Nb8 23. Qc3 $36 {[%emt 0:08:29][%mdl 2048] Black is under strong pressure.} Nc6 24. Nxc7 {[%emt 0:00:51] White has more active pieces. The black rooks are passive.} Qe7 25. Nd5 Qd6 26. Red1 (26. Ne3 $142 {Strongly threatening Nc4.} Be6 27. Bc4) 26... Qb8 $2 {[%emt 0:00:39] [#]} (26... Nf6 $16) 27. Ne7+ $1 {[%emt 0:00:57][%mdl 512] Weighted Error Value: White=0.06 (flawless) /Black=0.25 (precise) .  Loses game:     	---       	Black=1      Mistake:       	White=1     	---        Inaccurate:     	White=1     	Black=2      OK:         	White=9     	Black=5      Best:        	White=1     	Black=2      Brilliant:      	White=1     	---} 1-0

[Event "4NCL 2023-2024"]
[Site "Daventry"]
[Date "2024.05.06"]
[Round "11.4"]
[White "Palliser, Richard J D"]
[Black "Erdos, Viktor"]
[Result "0-1"]
[ECO "D38"]
[WhiteElo "2377"]
[BlackElo "2546"]
[Annotator "TA"]
[PlyCount "82"]
[EventDate "2023.11.11"]
[EventType "team-tourn"]
[EventCountry "ENG"]
[SourceTitle "playchess.com"]
[Source "ChessBase"]
[SourceQuality "1"]
[TimeControl "40/6000+30:3000+30"]

1. d4 Nf6 2. c4 e6 3. Nc3 Bb4 4. e3 d5 5. Qa4+ Nc6 6. Nf3 O-O 7. Bd2 Re8 8. Rd1 Bf8 9. Qc2 e5 {[%emt 0:19:09] The position is equal.} 10. dxe5 Nxe5 11. Nxe5 Rxe5 12. cxd5 Nxd5 13. Nxd5 Bf5 ({Of course not} 13... Qxd5 14. Qxc7 Re7 15. Qc4 $16) 14. Qb3 Qxd5 15. Qxd5 Rxd5 16. Bc4 Rc5 17. Bb3 a5 {[%emt 0:04:34] White must now prevent ...a4.} 18. Rc1 Rxc1+ 19. Bxc1 a4 20. Bc4 a3 21. bxa3 Bxa3 22. Bxa3 Rxa3 $15 {[%emt 0:00:02][%mdl 4096] Endgame. KRB-KRB} 23. Kd2 {[%emt 0:00:04] Against Rc3} b5 24. Bxb5 {[%emt 0:05:18] White is on the road to losing.} ({Better is} 24. e4 $15) 24... Rxa2+ $17 25. Kc3 Rxf2 {[%emt 0:01:00] Black is more active.} 26. Rf1 Rc2+ 27. Kd4 Be6 28. Rg1 Kf8 29. Bd3 (29. Kd3 $142 Rc5 30. Rb1) 29... c5+ $19 30. Ke5 {[%emt 0:01:55] [#]} Rc3 (30... Rd2 $1 $19 31. Be4 Ke7) 31. Be4 (31. Bxh7 $17 Rxe3+ 32. Be4) 31... Ke7 ({But not} 31... Rxe3 32. Rc1 $17) 32. Kf4 Rc4 33. Kf3 f5 34. Bb1 Kf6 35. e4 Rc3+ 36. Kf2 f4 37. e5+ Kxe5 {[%emt 0:00:04] And now ...Rb3 would win.} 38. Re1+ $2 {[%emt 0:00:19] [#]} (38. Bxh7 g5 39. Re1+ Kf6 40. Rb1) 38... Re3 $1 {[%emt 0:00:49] Strongly threatening ...Rxe1.} 39. Rxe3+ (39. Rh1 h6) 39... fxe3+ {[%emt 0:00:01] Black is clearly winning.} 40. Kxe3 h6 41. Bc2 Ba2 {[%emt 0:50:57] Weighted Error Value: White=0.23 (precise) /Black=0.03 (flawless) .  Mistake:       	White=4     	Black=1      Inaccurate:     	White=2     	---        OK:         	White=8     	Black=20     Best:        	White=3     	Black=2      Brilliant:      	---       	Black=1} 0-1

[Event "4NCL 2023-2024"]
[Site "Daventry"]
[Date "2024.05.06"]
[Round "11.5"]
[White "Lupulescu, Constantin"]
[Black "Camacho Collados, Jose"]
[Result "1-0"]
[ECO "D35"]
[WhiteElo "2588"]
[BlackElo "2366"]
[Annotator "TA"]
[PlyCount "103"]
[EventDate "2023.11.11"]
[EventType "team-tourn"]
[EventCountry "ENG"]
[SourceTitle "playchess.com"]
[Source "ChessBase"]
[SourceQuality "1"]
[TimeControl "40/6000+30:3000+30"]

1. d4 Nf6 2. c4 e6 3. Nc3 d5 4. cxd5 exd5 5. Bg5 c6 6. e3 h6 7. Bh4 Be7 8. Bd3 O-O 9. Nge2 Re8 10. O-O Nh7 11. Bg3 {[%emt 0:05:12] White has an edge.} Bh4 (11... Nf6 $14) 12. Qd2 (12. Qc2 $16 Nf8 13. Rac1) 12... Bxg3 $14 13. Nxg3 a5 14. f3 {[%emt 0:06:04][%cal Bf2f3,Bf3e4,Be4e5,Be5e6][%mdl 32] White is more active.} b6 15. Bxh7+ Kxh7 16. e4 dxe4 17. fxe4 Ra7 18. e5 Ba6 19. Rfe1 c5 20. d5 Rae7 21. Qf4 {[%emt 0:01:39] Hoping for Nf5.} Nd7 {[%emt 0:02:18] [#] Black cannot hold the game after this.} (21... Bd3 $16 {was worth a try.}) 22. e6 $1 $18 {[%emt 0:02:36][%mdl 512] Nf5 is the strong threat.} Nf6 (22... Nf8 23. Nf5) 23. Nf5 Nxd5 24. Nxd5 (24. Qg4 $142 fxe6 25. Nxe7 Rxe7 26. Qe4+ (26. Rxe6 Nxc3 27. bxc3 Rxe6 $16) 26... Kh8 27. Rad1 (27. Nxd5 Bb7 $18)) 24... Qxd5 25. Re5 Qc4 26. Qxc4 Bxc4 27. Nxe7 Rxe7 28. exf7 Rxf7 {[%emt 0:00:14][%mdl 4096] Endgame. KRR-KRB} 29. b3 Bd3 30. Rd5 c4 31. Rc1 Rf4 32. h3 Re4 33. a3 Re2 (33... Be2 $142) 34. bxc4 Be4 35. Re5 Rxg2+ 36. Kf1 Rh2 {[%emt 0:00:04] Strongly threatening ...Rh1+.} 37. Rc3 (37. Rxe4 Rh1+ (37... Rxh3 $2 {perishes.} 38. Ke2 $18) 38. Ke2 Rxc1 $17) 37... Bg2+ 38. Kf2 (38. Kg1 $142 Rxh3 39. Ree3 Rxe3 40. Rxe3) 38... Bc6+ 39. Ke1 {[%emt 0:00:21] And now Rg3 would win.} Bd7 40. Ree3 a4 (40... Bf5 $142 41. Rb3 Rc2) 41. Re7 Rxh3 (41... Rh1+ {is tougher.} 42. Kf2 Rh2+ (42... Bxh3 $2 {too greedy.} 43. Rg3 $18) 43. Kg1 Rxh3 44. Rxh3 Bxh3) 42. Rxh3 Bxh3 {[%emt 0:00:01] KR-KB} 43. Ra7 Be6 44. Rxa4 {[%emt 0:00:19] Threatens to win with Rb4.} h5 45. Rb4 g5 46. Rxb6 {[%emt 0:02:34] White mates.} Bxc4 47. a4 h4 48. a5 g4 49. Rb4 Be6 50. a6 h3 51. a7 Bd5 52. Rxg4 {[%emt 0:00:05] Weighted Error Value: White=0.15 (very precise) /Black=0.46.  Mistake:       	White=3     	Black=5      Inaccurate:     	White=1     	Black=4      OK:         	White=18    	Black=9      Best:        	White=4     	Black=2      Brilliant:      	White=1     	---} 1-0

[Event "4NCL 2023-2024"]
[Site "Daventry"]
[Date "2024.05.06"]
[Round "11.6"]
[White "Wall, Tim P"]
[Black "Jaracz, Pawel"]
[Result "0-1"]
[ECO "B50"]
[WhiteElo "2203"]
[BlackElo "2470"]
[Annotator "TA"]
[PlyCount "74"]
[EventDate "2023.11.11"]
[EventType "team-tourn"]
[EventCountry "ENG"]
[SourceTitle "playchess.com"]
[Source "ChessBase"]
[SourceQuality "1"]
[TimeControl "40/6000+30:3000+30"]

1. e4 c5 2. Nf3 d6 3. c3 Nf6 4. Be2 g6 5. O-O Bg7 6. d3 O-O 7. Be3 Nc6 8. Nbd2 Ng4 9. Bg5 {[%emt 0:03:03] The position is equal.} h6 10. Bh4 Nf6 11. Re1 e5 12. Bf1 Re8 13. a3 Be6 14. b4 a6 15. Nb3 Qb6 16. Rb1 cxb4 17. axb4 Nh5 18. Nfd2 Qc7 19. Nc4 Ne7 20. Rc1 Nf4 21. Bg3 Rad8 22. Qd2 ({White should play} 22. Bxf4 $11 exf4 23. Ncd2) 22... g5 (22... Nh5 $15) 23. Qb2 {[%emt 0:04:58] [#]} (23. Qc2 $11) 23... Nxd3 $1 $15 {[%emt 0:00:54] Black is more active.} 24. Bxd3 Bxc4 25. Bxc4 Qxc4 26. Na5 Qc8 27. Qa2 (27. c4 $142) 27... d5 $17 28. exd5 (28. f3 $17) 28... Nxd5 $19 29. Nc4 Qc7 30. Ne3 Nxe3 (30... Nxc3 $19 {...Rd3 would now be deadly.} 31. Qb2 Rd3) 31. fxe3 $17 Qb6 32. Kh1 (32. Qa4 $17) 32... e4 $19 33. Rf1 (33. c4 {was necessary.}) 33... Qe6 ({Weaker is} 33... Qxe3 34. Qxf7+ Kh8 35. Bd6 $11) 34. Qf2 b5 35. Qe2 Rd3 36. Be1 Qc4 37. Qf2 {[%emt 0:00:30] [#]} (37. Kg1 $142) 37... Rxe3 $3 {[%emt 0:00:38][%mdl 512] Weighted Error Value: White=0.29 (precise) /Black=0.16 (very precise) .  Mistake:       	White=7     	Black=2      Inaccurate:     	White=2     	Black=2      OK:         	White=7     	Black=11     Brilliant:      	---       	Black=1} 0-1

[Event "4NCL 2023-2024"]
[Site "Daventry"]
[Date "2024.05.06"]
[Round "11.7"]
[White "Parligras, Mircea-Emilian"]
[Black "Weller, Jean-Luc"]
[Result "1-0"]
[ECO "A17"]
[WhiteElo "2561"]
[BlackElo "2211"]
[Annotator "TA"]
[PlyCount "83"]
[EventDate "2023.11.11"]
[EventType "team-tourn"]
[EventCountry "ENG"]
[SourceTitle "playchess.com"]
[Source "ChessBase"]
[SourceQuality "1"]
[TimeControl "40/6000+30:3000+30"]

1. c4 Nf6 2. Nc3 e6 3. Nf3 b6 4. g3 Bb7 5. Bg2 Bb4 6. Qc2 O-O 7. a3 Bxc3 8. Qxc3 d5 9. cxd5 Nxd5 10. Qc2 c5 11. b3 Nc6 {[%emt 0:00:00] The position is equal.} 12. Bb2 Re8 13. O-O e5 14. d3 Nd4 15. Qd1 Nc7 16. Nd2 Bxg2 17. Kxg2 Re6 18. b4 cxb4 19. axb4 Qd7 20. e3 Nc6 {[%emt 0:00:00] Excellent horsemanship.} 21. Nf3 Rd8 22. Rc1 f6 (22... Qxd3 $6 23. Qxd3 Rxd3 24. Nxe5 $11) 23. Qa4 b5 24. Qa2 Nd5 25. Ba3 Ndxb4 (25... Ncxb4 26. Bxb4 Nxb4 27. Qa5 $15) 26. Bxb4 Nxb4 27. Qb3 a5 (27... Nxd3 $6 28. Rc3 Qf7 29. Rxd3 Rxd3 30. Qxd3 $11) 28. Rc5 Kh8 {[%emt 0:00:00][%cal Oe6b6] Strongly threatening ...Rb6!} (28... Qxd3 29. Qxe6+ Kh8 30. Rfc1 $18) 29. d4 Rb6 30. dxe5 (30. Qa3 $17 e4 31. Nd2) 30... Nd3 $19 31. Rd1 {[%emt 0:00:00][%cal Od1d3] [#] Rxd3! is the strong threat.} Rbb8 $1 ({Not} 31... Nxc5 32. Rxd7 Nxd7 (32... Rxd7 $2 {perishes.} 33. Qa3 $18) 33. exf6 Rxf6 (33... Nxf6 34. Ng5 $14) 34. Nd4 $14 (34. Qxb5 Rdf8 $11)) 32. Qa2 {[%emt 0:00:00] [#]} Nf4+ $1 33. exf4 Qxd1 34. exf6 gxf6 35. Qxa5 b4 36. Qa6 {[%emt 0:05:25] [#]} Rd6 (36... Rf8 $1 $19 {Hoping for ...b3.} 37. Qa7 Qd3) 37. Qa7 $11 {[%emt 0:00:32] Threatening mate with Ng5.} Rbd8 $2 (37... Rdb6 $1 $11) 38. Qf7 $2 $40 {[%emt 0:02:20][%mdl 128] Black needs to defend precisely.} (38. Qe7 $18) 38... Qd3 $1 39. f5 {[%emt 0:01:24][%mdl 1024] And now Rc7 would win. White has compensation.} Rg8 (39... b3 $1 $11) 40. Qe7 (40. h4 $16) 40... Rg7 (40... Rb6 $11) 41. Rc8+ $18 Rg8 42. Rc7 {[%emt 0:00:10] Weighted Error Value: White=0.32/Black=0.31.  Loses game:     	---       	Black=2      Missed win:     	White=1     	Black=1      Mistake:       	White=2     	Black=1      Inaccurate:     	White=4     	Black=3      OK:         	White=10    	Black=13     Best:        	White=6     	Black=2      Strong:       	---       	Black=2      Brilliant:      	---       	Black=1} 1-0

[Event "4NCL 2023-2024"]
[Site "Daventry"]
[Date "2024.05.06"]
[Round "11.8"]
[White "Navrotescu, Andreea"]
[Black "Terbe, Julianna"]
[Result "1-0"]
[ECO "E04"]
[WhiteElo "2222"]
[BlackElo "2276"]
[Annotator "TA"]
[PlyCount "85"]
[EventDate "2023.11.11"]
[EventType "team-tourn"]
[EventCountry "ENG"]
[SourceTitle "playchess.com"]
[Source "ChessBase"]
[SourceQuality "1"]
[TimeControl "40/6000+30:3000+30"]

1. d4 d5 2. c4 e6 3. Nc3 c6 4. Nf3 dxc4 5. g3 Nf6 6. Bg2 b5 7. e4 (7. Ne5 $11) 7... Bb7 8. e5 Nd5 9. Ng5 {[%emt 0:00:17] Black has an edge.} h6 10. Qh5 g6 (10... hxg5 $2 11. Qxh8 Nxc3 12. bxc3 $18) 11. Qh3 Be7 (11... Nd7 $5) 12. Nxe6 Qc8 13. Nf4 {[%emt 0:06:14] And now Qxc8+ would win.} Qxh3 14. Nxh3 a6 15. Nxd5 cxd5 16. Nf4 Nc6 17. Bxd5 (17. Bd2 $11 {keeps the balance.}) 17... O-O-O $17 18. O-O (18. Bxf7 $2 {loses.} Nxd4 19. O-O Nf3+ 20. Kg2 Nxe5+ 21. Kg1 Nxf7 $19) ({Don't blunder} 18. Be3 $2 g5 19. Bxc6 Bxc6 $19) 18... Nxd4 19. Bxb7+ Kxb7 20. Kg2 {[%emt 0:00:05] Inhibits Nf3.} Bc5 21. Be3 Rhe8 (21... Kc6 $17 {aiming for ...Rhe8.} 22. Rad1 Rhe8) 22. e6 $1 $15 g5 $2 {[%emt 0:00:30][%mdl 8192] This move loses the game for Black.} (22... fxe6 $15 {keeps the upper hand.} 23. Nxg6 e5) 23. exf7 $18 Re5 {[%emt 0:06:29] [#]} (23... Re4 $142) 24. Rad1 $1 gxf4 {[%emt 0:02:32] [#]} 25. Bxd4 (25. Rxd4 Bxd4 26. Bxd4 Rf5 $17) 25... f3+ 26. Kxf3 Bxd4 {[%emt 0:00:14] [#]} 27. Rxd4 $1 {[%emt 0:00:07][%mdl 4608] Endgame. KRR-KRR} Rf8 28. Rf4 Re7 $2 (28... Kc8 {was worth a try.} 29. b3 cxb3 30. axb3 h5 31. Rc1+ Kb7) 29. Kg4 Rfxf7 30. Rxf7 Rxf7 {[%emt 0:00:03] KR-KR} 31. Kh5 {[%emt 0:01:36][%cal Of2f4] Strongly threatening f4!} Rf6 (31... Kc6 $142 32. Kxh6 Rf3) 32. f4 Kc6 33. g4 Kd5 34. h4 b4 35. g5 hxg5 36. hxg5 Rf8 37. g6 Rh8+ 38. Kg5 Rh2 39. g7 {[%emt 0:03:44] White mates.} Rg2+ 40. Kf6 c3 41. bxc3 bxc3 42. f5 c2 43. Rc1 {[%emt 0:00:42] Weighted Error Value: White=0.19 (very precise) /Black=0.63.  Loses game:     	---       	Black=1      Mistake:       	White=1     	Black=4      Inaccurate:     	White=1     	Black=3      OK:         	White=12    	Black=8      Best:        	White=3     	Black=3      Strong:       	White=1     	---        Brilliant:      	White=1     	---} 1-0

[Event "4NCL 2023-2024"]
[Site "Daventry"]
[Date "2024.05.06"]
[Round "11.9"]
[White "Ledger, Andrew J"]
[Black "Adams, Michael"]
[Result "0-1"]
[ECO "D37"]
[WhiteElo "2335"]
[BlackElo "2677"]
[Annotator "TA"]
[PlyCount "56"]
[EventDate "2023.11.11"]
[EventType "team-tourn"]
[EventCountry "ENG"]
[SourceTitle "playchess.com"]
[Source "ChessBase"]
[SourceQuality "1"]
[TimeControl "40/6000+30:3000+30"]

1. Nf3 d5 2. d4 Nf6 3. c4 e6 4. Nc3 Nbd7 5. Bf4 Bb4 6. Qb3 c5 7. dxc5 (7. e3 $11) 7... a5 8. Bd6 {[%emt 0:08:53] The position is equal.} b6 9. cxd5 Nxd5 10. e4 Nxc3 11. bxc3 Bxc5 12. Rd1 (12. Bg3 $11 {keeps the balance.}) 12... Bxd6 $17 13. Rxd6 Qc7 14. e5 (14. Rd1 $142) 14... O-O 15. Qc4 Nc5 16. Qd4 Bb7 17. Be2 {[%emt 0:03:25] [#]} (17. Bb5 $17) 17... Ne4 $1 $19 {[%emt 0:08:18] White must now prevent ...Rad8.} 18. Rd7 {[%emt 0:01:09] [#]} Qc8 (18... Qxc3+ 19. Qxc3 Nxc3 20. Rxb7 $18) 19. Bd3 {[%emt 0:02:18] Strongly threatening Rxb7.} Bd5 20. Bxe4 (20. c4 $17 {was worth a try.}) 20... Qxd7 21. Bxh7+ $2 (21. Bxd5 exd5 (21... Qxd5 $2 22. Qxd5 exd5 23. Kd2 $19) 22. O-O) 21... Kxh7 {[%emt 0:01:09] Black is clearly winning.} 22. Qh4+ Kg8 23. Ng5 Rfc8 ({Worse is} 23... Bxg2 24. Qh7#) 24. Qh7+ Kf8 {[%emt 0:00:02][%cal Od7b5] ...Qb5! is the strong threat.} 25. h4 Qc7 26. Rh3 Qxe5+ 27. Re3 Qf6 28. Qb1 Qf5 {[%emt 0:01:20] Weighted Error Value: White=0.65/Black=0.12 (very precise) .  Mistake:       	White=6     	---        Inaccurate:     	White=1     	Black=2      OK:         	White=4     	Black=9      Best:        	White=2     	Black=3} (28... Rxc3 29. Nh7+ (29. Qxb6 {is a self mate.} Rc1+ 30. Kd2 Qxf2+ 31. Re2 Qxb6 32. Nh7+ Ke7 33. Kxc1 Rc8+ 34. Rc2 Qe3+ 35. Kd1 Bf3+ 36. gxf3 Rd8+) 29... Ke7 30. Nxf6 Rxe3+ 31. fxe3 $18) 0-1